 Dungeon Crawl Stone Soup version 0.31-a0-844-gdc52ec4e09 (webtiles) character file.

Game seed: 5772425287876025336

280 Ethylacetat the Changeling (level 6, 0/31 HPs)
             Began as an Octopode Shapeshifter on Sept 30, 2023.
             Slain by an orc
             ... wielding a +0 hand axe
              (3 damage)
             ... on level 4 of the Dungeon.
             The game lasted 00:03:10 (2548 turns).

Ethylacetat the Changeling (Octopode Shapeshifter)  Turns: 2548, Time: 00:03:10

Health: 0/31       AC:  5    Str: 13    XL:     6   Next: 27%
Magic:  15/15      EV: 14    Int: 19    God:
Gold:   115        SH:  0    Dex: 13    Spells: 5/5 levels left

rFire   . .          .
                       - Unarmed
rCold   . . .        (shield currently unavailable)
rNeg    . . .        (helmet restricted)
rPois   .            (no amulet)
rElec   .            i - +4 ring of protection
rCorr   .            n - ring of magical power
SInv    .            m - +6 ring of intelligence
Will    .....        (no ring)
Stlth   +            (no ring)
HPRegen 0.25/turn    (no ring)
MPRegen 0.14/turn    (no ring)
                     (no ring)

%: no passive effects
@: flux-form, glowing
A: glow, contaminating, reduced hp, almost no armour, amphibious, 8 rings,
camouflage 1, gelatinous body 1, (nimble swimmer 1), tentacles
a: Begin Untransformation


You were on level 4 of the Dungeon.
You were something dangerously unstable.
You visited 1 branch of the dungeon, and saw 4 of its levels.

You collected 115 gold pieces.

Inventory:

Jewellery
 i - a +4 ring of protection (left tentacle)
 m - a +6 ring of intelligence (on tentacle)
 n - a ring of magical power (right tentacle)
Talismans
 c - a flux talisman (active)
Scrolls
 f - a scroll of fog {unknown}
 g - a scroll of revelation {unknown}
 j - 5 scrolls of identify {unknown}
 k - a scroll of vulnerability {unknown}
 q - 2 scrolls of noise {unknown}
 u - a scroll of blinking {unknown}
Potions
 a - 2 potions of lignification
 e - a potion of resistance {unknown}
 h - 2 potions of haste {unknown}
 l - a potion of cancellation {unknown}
 o - 2 potions of attraction {unknown}
 p - a potion of berserk rage {unknown}
 r - a potion of heal wounds {unknown}
 s - a potion of degeneration {unknown}
 t - a potion of invisibility {unknown}
 v - a potion of curing {unknown}


   Skills:
 + Level 2.7 Fighting
 + Level 3.3 Dodging
 + Level 4.0 Unarmed Combat
 * Level 4.6 Shapeshifting


You had 5 spell levels left.
You didn't know any spells.
Your spell library contained the following spells:

 Spells                   Type           Power      Damage    Failure   Level
 Ensorcelled Hibernation  Hex/Ice        0%         N/A       30%         2
 Jinxbite                 Hex            0%         N/A       30%         2
 Anguish                  Hex/Necr       0%         N/A       90%         4


Dungeon Overview and Level Annotations

Branches:
Dungeon (4/15)
 Temple: D:4-7

Altars:
Kikubaaqudgha


Innate Abilities, Weirdness & Mutations

You are something dangerously unstable.
You glow with magical radiation, making you easy to see and hit.
Foes you strike become dangerously contaminated with magical radiation.
Your maximum health is decreased, since you lack skill for your form.
You are incapable of wielding weapons or throwing items.
You cannot wear most types of armour.
You are amphibious.
You can wear up to eight rings at the same time.
Your skin changes colour to match your surroundings (Stealth+).
Your rubbery body absorbs attacks. (AC +1, EV +1)
((You are camouflaged when in or above water. (Stealth+)))
You have tentacles for arms and can constrict up to eight enemies at once.


Message History

Unknown command.
You tentacle-slap the orc wizard.
You kill the orc wizard!
Reactivating autopickup.
The orc closely misses you. The orc barely misses you.
You hear some strange, mumbled words.
A magic dart appears from out of thin air!
Deactivating autopickup; reactivate with Ctrl-A.
The magic dart hits you!
* * * LOW HITPOINT WARNING * * *
You tentacle-slap the orc.
You kill the orc!
The orc hits you but does no damage. Something hits you.
* * * LOW HITPOINT WARNING * * *
Unknown command.
You tentacle-slap something.
The orc wizard begins to glow.
You grab the orc wizard. You squeeze the orc wizard.
The orc wizard is moderately wounded.
You constrict the orc wizard. The orc hits you with a +0 hand axe.
* * * LOW HITPOINT WARNING * * *
The orc wizard hits you but does no damage.
Okay, then.
You tentacle-slap the orc wizard but do no damage.
The orc wizard glows dangerously bright.
The orc wizard is heavily wounded.
You constrict the orc wizard.
The orc wizard hits you with a +0 dagger.
* * * LOW HITPOINT WARNING * * *
The orc hits you with a +0 hand axe.
* * * LOW HITPOINT WARNING * * *
You tentacle-slap the orc wizard but do no damage.
The orc wizard shudders as magic cascades through it!
You kill the orc wizard!
Reactivating autopickup.
Your Unarmed Combat skill increases to level 4!
Unknown command.
You barely miss the orc. You grab the orc.
You squeeze the orc, but do no damage. You constrict the orc.
The orc hits you with a +0 hand axe.
You die...

##...#......#####
#....#<.....#...# #
##....######...P.. ##
#.##..#..###)...#...#
...#.#..........#..#####
........##..#.....##
#....##..#.#####
#o......# #p).....#
#)).....# )........#
...........#
.....#...<..#
.....#......#
#....######.# #.$.. ..


You could see an orc.

Vanquished Creatures
  An ogre (D:3)
  3 orc wizards (D:4)
  4 gnolls (D:3)
  3 adders
  2 worms
  5 orcs
  5 ball pythons
  2 bats
  A bat zombie (D:3)
  4 endoplasms
  A giant cockroach (D:2)
  4 goblins
  5 hobgoblins
  2 jackals (D:3)
  2 kobolds
  2 quokkas
  2 frilled lizards
  5 rats
  2 rat zombies (D:3)
55 creatures vanquished.

Notes
Turn   | Place    | Note
-------+----------+-------------------------------------------
     0 | D:1      | Ethylacetat the Octopode Shapeshifter began the quest for
                  | the Orb.
     0 | D:1      | Reached XP level 1. HP: 13/13 MP: 1/1
   129 | D:1      | Reached XP level 2. HP: 18/18 MP: 2/2
   956 | D:2      | Found a faded altar of an unknown god.
  1263 | D:2      | Reached XP level 3. HP: 23/23 MP: 3/3
  1803 | D:3      | Reached XP level 4. HP: 29/29 MP: 4/4
  2223 | D:3      | Noticed an ogre
  2236 | D:3      | Killed an ogre
  2237 | D:3      | Reached XP level 5. HP: 18/35 MP: 5/5
  2397 | D:3      | Found an ancient bone altar of Kikubaaqudgha.
  2539 | D:4      | Reached XP level 6. HP: 26/41 MP: 6/6
  2548 | D:4      | Slain by an orc

Illustrated notes

Levels and vault maps discovered:
D:1:      amcnicky_arrival_wind_blow, layout_basic, serial_aquarium,
          aquarium_bridge_square [aquarium_subvault_bridge,
          aquarium_subvault_window, aquarium_subvault_window,
          aquarium_subvault_bridge], aquarium_bridge_square
          [aquarium_subvault_wall, aquarium_subvault_bridge,
          aquarium_subvault_window, aquarium_subvault_wall],
          aquarium_window_corner, aquarium_window_corridor_2, aquarium_view_4,
          aquarium_balcony_5b
D:2:      layout_basic, hellmonk_ecumenical_altar_crossroads, nrook_campfire,
          eino_curves_01, chequers_garden
D:3:      layout_loops_cross, lemuel_zombie_altar_kikubaaqudgha
D:4:      layout_rooms, elyvilon_altar_1, uniq_sigmund

Skill      XL: |  1  2  3  4  5  6 |
---------------+-------------------+-----
Fighting       | 2 |  2.7
Dodging        | 3 |  3.3
Shapeshifting  | 4 |  4.6
Unarmed Combat | 4 |  4.0

Action                     |  1- 3 |  4- 6 || total
---------------------------+-------+-------++-------
  Melee: Unarmed           |    11 |    26 ||    37
         Short sword       |    56 |    37 ||    93
         Constrict         |    21 |    16 ||    37
         Tentacles         |    15 |    11 ||    26
         Punch             |     4 |       ||     4
   Stab: Sleeping          |     8 |     1 ||     9
 Armour: Skin              |    16 |    35 ||    51
  Dodge: Dodged            |    33 |    32 ||    65
   Form: Flux              |       |     1 ||     1

Table legend: (Time is in decaauts)
 A = Elapsed time spent in this place.
 B = Non-inter-level travel time spent in this place.
 C = Inter-level travel time spent in this place.
 D = Time resting spent in this place.
 E = Time spent auto-exploring this place.
 F = Levels seen in this place.
 G = Mean time per level.
                   A        B        C        D        E       F      G
               +--------+--------+--------+--------+--------+-----+--------+
         Total |   2511 |   2430 |     81 |      0 |   2111 |   4 |  627.8 |
       Dungeon |   2511 |   2430 |     81 |      0 |   2111 |   4 |  627.8 |
               +--------+--------+--------+--------+--------+-----+--------+

Top non-repeatable levels by time:
     D:2: 913 daAuts
     D:3: 827 daAuts
     D:1: 685 daAuts
     D:4: 85 daAuts
